 Dungeon Crawl Stone Soup version 0.30-a0-347-gf58ed5266c (webtiles) character file.

Game seed: 14312060196707154700

8 runemasterragnar the Ruffian (level 2, 0/23 HPs)
             Began as a Draconian Transmuter on Nov 5, 2022.
             Frozen to death by an endoplasm (5 damage)
             ... on level 1 of the Dungeon.
             The game lasted 00:00:14 (68 turns).

runemasterragnar the Ruffian (Draconian Transmuter)   Turns: 68, Time: 00:00:15

Health: 0/23       AC:  4    Str: 12    XL:     2   Next: 0%
Magic:  3/5        EV: 12    Int: 13    God:
Gold:   0          SH:  0    Dex: 11    Spells: 4/5 levels left

rFire   . . .      SeeInvis .      - Unarmed
rCold   . . .      Faith    .    (no shield)
rNeg    . . .      Spirit   .    (body armour unavailable)
rPois   .          Reflect  .    (helmet currently unavailable)
rElec   .          Harm     .    (no cloak)
rCorr   .          Rampage  .    (no gloves)
Will    .....                    (boots currently unavailable)
Stlth   +.........               (no amulet)
HPRegen 0.23/turn                (no ring)
MPRegen 0.09/turn                (no ring)

@: appendages
A: horns 2, talons 2, AC +4, unfitting armour, cold-blooded
a: End Transformation


You were on level 1 of the Dungeon.
You had temporarily grown beastly horns and talons.
You visited 1 branch of the dungeon, and saw 1 of its levels.

Inventory:

Scrolls
 c - a scroll of teleportation {unknown}
Potions
 a - a potion of lignification
 b - a potion of ambrosia {unknown}


   Skills:
 + Level 1.3 Fighting
 + Level 1.9 Dodging
 + Level 3.1 Unarmed Combat
 + Level 2.1 Spellcasting
 + Level 2.1 Transmutations


You had 4 spell levels left.
You knew the following spells:

 Your Spells              Type           Power      Damage    Failure   Level
a - Beastly Appendage     Tmut           14%        N/A       11%         1

Your spell library contained the following spells:

 Spells                   Type           Power      Damage    Failure   Level
 Wereblood                Tmut           7%         N/A       16%         2
 Spider Form              Tmut/Pois      4%         N/A       43%         3
 Ice Form                 Ice/Tmut       4%         N/A       85%         4


Dungeon Overview and Level Annotations

Branches:
Dungeon (1/15)

Altars:


Innate Abilities, Weirdness & Mutations

You have temporarily grown beastly horns and talons.
Your plain brown scales are hard. (AC +4)
You cannot fit into any form of body armour.
You are cold-blooded and may be slowed by cold attacks.


Message History

You closely miss the bat. You claw the bat.
You kill the bat!
The bat hits you but does no damage. x2
You hit the bat.
You kill the bat!
The endoplasm hits you but does no damage.
You hit the endoplasm.
You kill the endoplasm!
You hit the endoplasm.
You punch the endoplasm, but do no damage.
The endoplasm is moderately wounded.
The endoplasm hits you.
You hit the endoplasm but do no damage. You claw the endoplasm.
You kill the endoplasm!
Your horns disappear.
Your talons disappear.
You have reached level 2!
Casting: Beastly Appendage (safe; 11% risk of failure)
Confirm with . or Enter, or press ? or * to list all spells.
You grow a pair of large bovine horns.
Your feet morph into talons.
The quokka closely misses you. The endoplasm barely misses you.
The quokka bites you.
You barely miss the endoplasm.
You claw the endoplasm, but do no damage.
The quokka bites you. The endoplasm freezes you.
You are frozen.
* * * LOW HITPOINT WARNING * * *
You hit the endoplasm. Your kick misses the endoplasm.
Your headbutt misses the endoplasm.
The endoplasm is severely wounded.
The quokka barely misses you.
The endoplasm hits you but does no damage.
You hit the endoplasm but do no damage.
You claw the endoplasm, but do no damage.
The endoplasm is severely wounded.
The quokka bites you.
* * * LOW HITPOINT WARNING * * *
The endoplasm freezes you.
You are frozen.
You die...

####.#. .# #.. .......
.##... ....... #...J.
....... #....# .....
#....# ... #
###...J##r#
.$.......#@.# ...##
##wJ†## ......#..###
......#.## ........#
........## #........#
#.....##.##############
#.....##w.............#


You could see a dart slug, an endoplasm and a quokka.

Vanquished Creatures
  2 bats (D:1)
  3 endoplasms (D:1)
  A hobgoblin (D:1)
6 creatures vanquished.

Notes
Turn   | Place    | Note
-------+----------+-------------------------------------------
     0 | D:1      | runemasterragnar the Draconian Transmuter began the quest
                  | for the Orb.
     0 | D:1      | Reached XP level 1. HP: 16/16 MP: 3/3
    65 | D:1      | Reached XP level 2. HP: 10/23 MP: 3/5
    68 | D:1      | Frozen to death by an endoplasm

Illustrated notes

Levels and vault maps discovered:
D:1:      heliophobic_arrival_ceremonial_halls, layout_basic,
          basic_ecumenical_altar, minmay_door_square, minmay_vboxes

Action                   || total
-------------------------++-------
Melee: Unarmed           ||    15
       Kick              ||     8
       Tailslap          ||     1
       Punch             ||     1
 Cast: Beastly Appendage ||     3
Armor: Skin              ||    16
Dodge: Dodged            ||    21

Table legend: (Time is in decaauts)
 A = Elapsed time spent in this place.
 B = Non-inter-level travel time spent in this place.
 C = Inter-level travel time spent in this place.
 D = Time resting spent in this place.
 E = Time spent auto-exploring this place.
 F = Levels seen in this place.
 G = Mean time per level.
                   A        B        C        D        E       F      G
               +--------+--------+--------+--------+--------+-----+--------+
         Total |     67 |     67 |      0 |      0 |     36 |   1 |   67.0 |
       Dungeon |     67 |     67 |      0 |      0 |     36 |   1 |   67.0 |
               +--------+--------+--------+--------+--------+-----+--------+

Top non-repeatable levels by time:
     D:1: 67 daAuts
